 Dungeon Crawl Stone Soup version 0.21.1-1-g345015f (webtiles) character file.

2864 inc the Jinx (level 9, -1/51 HPs)
             Began as an Octopode Enchanter on Apr 23, 2018.
             Was an Initiate of Gozag.
             Slain by a two-headed ogre
             ... wielding a +0 giant spiked club
              (29 damage)
             ... on level 8 of the Dungeon.
             The game lasted 00:16:19 (9778 turns).

inc the Jinx (Octopode Enchanter)                   Turns: 9778, Time: 00:16:19

Health: -1/51      AC:  1    Str:  7    XL:     9   Next: 75%
Magic:  0/17       EV: 13    Int: 20    God:    Gozag
Gold:   916        SH:  0    Dex: 13    Spells: 12/18 levels left

rFire    . . .     SeeInvis .   g - +2 dagger (freeze)
rCold    . . .     Gourm    .   (no shield)
rNeg     . . .     Faith    .   (helmet restricted)
rPois    .         Spirit   .   (no amulet)
rElec    .         Reflect  .   (no ring)
rCorr    .         Harm     .   (no ring)
MR       .....                  (no ring)
Stlth    ++++......             (no ring)
HPRegen  0.17/turn              (no ring)
MPRegen  0.15/turn              (no ring)
                                (no ring)
                                (no ring)

@: no status effects
A: almost no armour, stealthy swim, amphibious, 8 rings, constrict 8, camouflage
1, gelatinous body 1
a: Potion Petition, Call Merchant, Bribe Branch, Renounce Religion


You were on level 8 of the Dungeon.
You worshipped Gozag.
Gozag was pleased with you.
You were full.

You visited 2 branches of the dungeon, and saw 9 of its levels.

You collected 962 gold pieces.
You paid 46 gold pieces to Gozag.

Inventory:

Hand Weapons
 a - a +1 dagger
 g - a +2 dagger of freezing (weapon)
 k - a cursed -1 short sword
 y - a +1 dagger of flaming
 F - a -3 dagger
Armour
 h - a cursed +0 shield
Jewellery
 i - a -4 ring of evasion
 E - an uncursed ring of fire
 I - an uncursed amulet of regeneration {unknown}
Wands
 w - a wand of flame (22)
 z - a wand of random effects (90)
 K - a wand of scattershot (7)
Scrolls
 d - 3 scrolls of magic mapping
 j - 6 scrolls of remove curse
 l - 3 scrolls of noise {unknown}
 o - a scroll of fog {unknown}
 t - 2 scrolls of blinking {unknown}
 v - a scroll of random uselessness {unknown}
 B - 2 scrolls of teleportation {unknown}
 D - a scroll of enchant weapon {unknown}
 H - 2 scrolls of fear {unknown}
 J - a scroll of immolation {unknown}
 L - a scroll of amnesia {unknown}
Potions
 e - a potion of curing {unknown}
 f - 3 potions of flight
 m - a potion of agility
 n - a potion of resistance {unknown}
 p - a potion of brilliance {unknown}
 q - a potion of degeneration
 s - a potion of invisibility {unknown}
 u - a potion of haste {unknown}
 x - a potion of mutation
 A - 2 potions of magic
 C - a potion of heal wounds {unknown}
 G - a potion of ambrosia {unknown}
Books
 b - a book of Maledictions

   Spells                             Type                      Level
   a - Corona                         Hexes                        1
   b - Ensorcelled Hibernation        Hexes/Ice                    2
   c - Confuse                        Hexes                        3
   d - Tukima's Dance                 Hexes                        3
   e - Dazzling Spray                 Conjuration/Hexes            3
Comestibles
 c - 10 rations


   Skills:
 - Level 3.0 Short Blades
 - Level 2.0 Dodging
 - Level 6.5 Stealth
 - Level 5.3 Spellcasting
 + Level 10.9 Hexes
 - Level 2.5 Ice Magic


You had 12 spell levels left.
You knew the following spells:

 Your Spells              Type           Power        Failure   Level  Hunger
a - Corona                Hex            #####..      1%          1    None
b - Ensorcelled Hibernat  Hex/Ice        ####..       1%          2    None
c - Confuse               Hex            #####...     1%          3    ##.....


Dungeon Overview and Level Annotations

Branches:
Dungeon (8/15)             Temple (1/1) D:7
   Lair: D:8-11

Altars:
Ashenzari
Dithmenos
Fedhas
Gozag
Hepliaklqana
Kikubaaqudgha
Makhleb
Nemelex Xobeh
Okawaru
Qazlal
Ru
Sif Muna
Trog
Uskayaw
Vehumet
Wu Jian
Yredelemnul
Zin
The Shining One
Lugonu

Shops:
D:6 *

Annotations:
D:4 Natasha; inc's ghost, novice OpEn


Innate Abilities, Weirdness & Mutations

You cannot wear most types of armour.
You are very stealthy in the water. (Stealth+)
You are amphibious.
You can wear up to eight rings at the same time.
You can use your tentacles to constrict eight enemies at once.
Your skin changes colour to match your surroundings (Stealth+).
Your rubbery body absorbs attacks. (AC +1, EV +1)


Message History

Aim: a two-headed ogre, wielding two giant spiked clubs (chance to defeat MR: 55%)
The two-headed ogre resists with significant effort.
The two-headed ogre barely misses you.
The two-headed ogre hits you with a giant spiked club!!
Casting: Confuse
Confirm with . or Enter, or press ? or * to list all spells.
Aiming: Confuse
Press: ? - help, Shift-Dir - straight line, f/p - two-headed ogre
Aim: a two-headed ogre, wielding two giant spiked clubs (chance to defeat MR: 55%)
The two-headed ogre resists with significant effort.
Casting: Confuse
Confirm with . or Enter, or press ? or * to list all spells.
Aiming: Confuse
Press: ? - help, Shift-Dir - straight line, f/p - two-headed ogre
Aim: a two-headed ogre, wielding two giant spiked clubs (chance to defeat MR: 55%)
The two-headed ogre resists with significant effort.
The two-headed ogre hits you with a giant spiked club!!
Ouch! That really hurt!
You die...
Your body crumbles into a pile of gold.

#...# .............
#.))# #...$...... #.))#
####...O......
#...#######.....###.....
#....)(...P....$#.# ...
#...####.(..(P....# #
#...# #..)..#....# #####
#..PP##.O_.#
#....P#.@..#
#...P......#
##...P...#.# #....P..###
##......PP ####...###
#####


You could see a two-headed ogre.

Vanquished Creatures
  Menkaure (D:7)
  Edmund (D:6)
  Duvessa (D:6)
  Purgy (D:3)
  An ice beast (D:7)
  2 sky beasts (D:7)
  A black bear (D:5)
  2 phantoms
  6 ogres
  A centaur (D:8)
  A big kobold (D:8)
  2 bullfrogs
  Dowan (D:6)
  A scorpion (D:6)
  5 wights (D:8)
  A howler monkey (D:7)
  A bullfrog zombie (D:8)
  A jelly (D:8)
  Crazy Yiuf (D:6)
  A hound (D:4)
  A quasit (D:7)
  2 orc priests
  3 iron imps (D:8)
  5 orc wizards
  Ijyb (D:3)
  A centaur skeleton (D:3)
  Natasha (D:4)
  A worker ant (D:5)
  2 hound skeletons
  A howler monkey zombie (D:7)
  8 adders
  2 shadow imps
  2 oozes
  An adder zombie (D:7)
  3 worms
  2 dart slugs (D:1)
  3 leopard geckos
  19 orcs
  7 giant cockroaches
  12 goblins
  5 hobgoblins
  2 quokkas
  5 ball pythons
  9 bats
  3 frilled lizards
  11 kobolds
  A quokka zombie (D:5)
  8 rats
153 creatures vanquished.

Vanquished Creatures (others)
  3 bushes (D:8)
  A withered plant (D:8)
4 creatures vanquished.

Grand Total: 157 creatures vanquished

Notes
Turn   | Place    | Note
-------+----------+-------------------------------------------
     0 | D:1      | inc the Octopode Enchanter began the quest for the Orb.
     0 | D:1      | Reached XP level 1. HP: 11/11 MP: 3/3
   163 | D:1      | Reached XP level 2. HP: 12/17 MP: 5/5
   293 | D:1      | Learned a level 2 spell: Ensorcelled Hibernation
   621 | D:1      | Reached XP level 3. HP: 21/21 MP: 6/6
   966 | D:2      | Reached skill level 1 in Ice Magic
  1082 | D:2      | Found a radiant altar of Vehumet.
  1211 | D:2      | Reached XP level 4. HP: 24/27 MP: 7/7
  1686 | D:3      | Noticed Ijyb
  1916 | D:3      | Noticed Purgy
  2053 | D:4      | Noticed inc's ghost (novice OpEn)
  2064 | D:4      | Learned a level 3 spell: Confuse
  2165 | D:5      | Entered Level 5 of the Dungeon
  2242 | D:5      | Noticed an ogre
  2266 | D:5      | Found an opulent altar of Gozag.
  2278 | D:5      | Became a worshipper of Gozag Ym Sagoz the Greedy
  2493 | D:4      | Noticed Natasha
  2497 | D:4      | Killed Natasha
  2611 | D:4      | Reached XP level 5. HP: 31/31 MP: 7/9
  2719 | D:4      | Noticed Natasha
  3148 | D:3      | Killed Ijyb
  3522 | D:3      | Reached XP level 6. HP: 20/36 MP: 10/12
  3694 | D:3      | Killed Purgy
  3828 | D:3      | Reached skill level 5 in Spellcasting
  4712 | D:4      | Reached XP level 7. HP: 41/41 MP: 10/15
  5370 | D:5      | Reached skill level 5 in Stealth
  5586 | D:5      | Reached skill level 4 in Hexes
  5729 | D:5      | Found an ornate altar of the Wu Jian Council.
  6083 | D:6      | Noticed a hand axe
  6084 | D:6      | Found a hide-covered altar of Uskayaw.
  6085 | D:6      | Noticed a dagger
  6101 | D:6      | Noticed Duvessa
  6102 | D:6      | Noticed Dowan
  6146 | D:6      | Reached skill level 5 in Hexes
  6146 | D:6      | Reached XP level 8. HP: 46/46 MP: 14/16
  6443 | D:6      | Noticed Edmund
  6455 | D:6      | Killed Edmund
  6455 | D:6      | Reached skill level 6 in Hexes
  6736 | D:6      | Found Oczicier's General Store.
  6840 | D:6      | Found a runed door.
  7009 | D:6      | Killed Duvessa
  7347 | D:6      | Killed Dowan
  7416 | D:6      | Reached skill level 7 in Hexes
  7504 | D:6      | Noticed Crazy Yiuf
  7511 | D:6      | Killed Crazy Yiuf
  7773 | D:7      | Reached skill level 8 in Hexes
  8027 | D:7      | Reached XP level 9. HP: 51/51 MP: 17/17
  8114 | D:7      | Noticed Menkaure
  8203 | D:7      | Killed Menkaure
  8203 | D:7      | Reached skill level 9 in Hexes
  8261 | D:7      | Found a burning altar of Makhleb.
  8261 | D:7      | Found a burning altar of Makhleb.
  8262 | D:7      | Found an iron altar of Okawaru.
  8262 | D:7      | Found a deep blue altar of Sif Muna.
  8263 | D:7      | Found a hazy altar of Hepliaklqana.
  8264 | D:7      | Found an ancient bone altar of Kikubaaqudgha.
  8264 | D:7      | Found a glowing golden altar of the Shining One.
  8264 | D:7      | Found an iron altar of Okawaru.
  8264 | D:7      | Found a hide-covered altar of Uskayaw.
  8264 | D:7      | Found a shadowy altar of Dithmenos.
  8264 | D:7      | Found an iron altar of Okawaru.
  8264 | D:7      | Found a basalt altar of Yredelemnul.
  8266 | D:7      | Found a staircase to the Ecumenical Temple.
  8331 | Temple   | Entered the Ecumenical Temple
  8760 | D:8      | Found a burning altar of Makhleb.
  9022 | D:8      | Reached skill level 10 in Hexes
  9110 | D:8      | Found a blossoming altar of Fedhas.
  9235 | D:8      | Found a sacrificial altar of Ru.
  9522 | D:8      | Found an ancient bone altar of Kikubaaqudgha.
  9755 | D:8      | Noticed a two-headed ogre
  9778 | D:8      | Slain by a two-headed ogre

Skill      XL: |  1  2  3  4  5  6  7  8  9 |
---------------+----------------------------+-----
Short Blades   | 2 3 |  3.0
Ice Magic      | 1 2 |  2.5
Spellcasting   | 3 4 5 |  5.3
Stealth        | 6 |  6.5
Hexes          | 5 8 10 | 10.9
Dodging        | |  2.0

Action                   |  1- 3 |  4- 6 |  7- 9 || total
-------------------------+-------+-------+-------++-------
Melee: Dagger            |    58 |   129 |   136 ||   323
       Constrict         |     4 |    26 |    20 ||    50
       Tentacles         |     5 |    21 |    20 ||    46
 Cast: Confuse           |       |     5 |    31 ||    36
       Ensorcelled Hiber |       |    22 |    30 ||    52
  Use: Scroll            |       |     2 |     5 ||     7
       Potion            |       |       |     3 ||     3
 Stab: Sleeping          |    26 |    17 |    40 ||    83
       Confused          |       |     1 |    10 ||    11
  Eat: Chunk             |       |     4 |       ||     4
       Ration            |       |     3 |     6 ||     9
Armor: Skin              |     3 |     6 |     2 ||    11
Dodge: Dodged            |    22 |    68 |    31 ||   121
